 Dungeon Crawl Stone Soup version 0.29.1-15-g9cfb28693d (webtiles) character file.

Game seed: 6916750229117799479

21247 cdecastro the Grappler (level 12, -51/106 HPs)
             Began as a Ghoul Fighter on Mar 31, 2023.
             Was an Elder of Nemelex Xobeh.
             Annihilated by an enormous slime creature (77 damage)
             ... on level 13 of the Dungeon on Apr 4, 2023.
             The game lasted 00:39:47 (15435 turns).

cdecastro the Grappler (Ghoul Fighter)             Turns: 15435, Time: 00:39:48

Health: -51/106    AC: 23    Str: 25    XL:     12   Next: 88%
Magic:  18/18      EV: 15    Int:  3    God:    Nemelex Xobeh [****..]
Gold:   503        SH:  5    Dex:  8    Spells: 11/11 levels left

rFire   + + +      SeeInvis +     - Unarmed
rCold   + + +      Faith    .   (no shield)
rNeg    + + +      Spirit   .   Q - +6 scale mail of Tender Moments {-Cast rElec rF+++ rC+}
rPois   ∞          Reflect  +   H - +2 helmet {SInv}
rElec   +          Harm     .   E - scarf {rC+ rF+}
rCorr   .          Rampage  .   (no gloves)
Will    .....      NoCast   +   B - +0 pair of boots
Stlth   ..........              c - amulet of reflection
HPRegen 0.00/turn               w - +4 ring of protection
MPRegen 0.16/turn               y - +4 ring of evasion

@: inhibited regen
A: claws 1, cold resistance 1, negative energy resistance 3, inhibited
regeneration, torment resistance 2, devour on kill
a: Renounce Religion, Draw Escape, Draw Destruction, Draw Summoning, Triple
Draw, Deal Four


You were on level 13 of the Dungeon.
You worshipped Nemelex Xobeh.
Nemelex Xobeh was greatly pleased with you.
You visited 2 branches of the dungeon, and saw 14 of its levels.
You also visited: Ossuary.

You collected 946 gold pieces.
You spent 443 gold pieces at shops.

Inventory:

Missiles
 a - a curare-tipped dart
 i - 6 datura-tipped darts
 u - 14 poisoned darts (quivered)
 C - 5 boomerangs
 P - 2 javelins
 R - 6 atropa-tipped darts
Armour
 b - a +0 buckler
 B - a +0 pair of boots (worn)
 E - a scarf of resistance (worn)
 H - a +2 helmet of see invisible (worn)
 Q - the +6 scale mail of Tender Moments (worn) {-Cast rElec rF+++ rC+}
   (You bought it in a shop on level 8 of the Dungeon)

   rF:        It renders you almost immune to fire.
   rC:        It protects you from cold.
   rElec:     It insulates you from electricity.
   -Cast:     It prevents spellcasting.
 V - a +1 plate armour of cold resistance
Magical Staves
 S - a staff of air
Jewellery
 c - an amulet of reflection (around neck)
 m - a ring of flight
 q - a ring of resist corrosion
 w - a +4 ring of protection (left claw)
 y - a +4 ring of evasion (right claw)
 U - a ring of magical power
Wands
 x - a wand of roots (3)
 F - a wand of charming (4)
 G - a wand of digging (4)
Scrolls
 d - 4 scrolls of blinking {unknown}
 e - 3 scrolls of silence {unknown}
 f - 3 scrolls of fear {unknown}
 h - a scroll of torment
 k - a scroll of summoning
 l - a scroll of brand weapon
 o - 4 scrolls of vulnerability {unknown}
 p - a scroll of noise {unknown}
 r - 3 scrolls of magic mapping
 s - 7 scrolls of immolation
 t - 3 scrolls of teleportation
 z - 3 scrolls of enchant weapon {unknown}
 I - a scroll of acquirement
 J - 3 scrolls of fog
 N - a scroll of enchant armour {unknown}
 T - 4 scrolls of identify
 W - a scroll of amnesia {unknown}
Potions
 g - 3 potions of resistance
 j - 9 potions of heal wounds
 n - 11 potions of curing
 v - a potion of brilliance
 A - 4 potions of flight
 D - 4 potions of attraction
 K - 4 potions of cancellation
 L - 2 potions of ambrosia
 M - 3 potions of haste
 O - 3 potions of might


   Skills:
 - Level 10.0 Fighting
 - Level 10.0 Armour
 - Level 5.0 Dodging
 - Level 2.6 Shields
 + Level 13.7 Unarmed Combat
 - Level 10.0 Invocations


You had 11 spell levels left.
You didn't know any spells.
Your spell library contained the following spells:

 Spells                   Type           Power      Damage    Failure   Level
 Apportation              Tloc           0%         N/A       77%         1
 Blink                    Tloc           0%         N/A       88%         2
 Ensorcelled Hibernation  Hex/Ice        0%         N/A       88%         2
 Scorch                   Fire           0%         2d5       88%         2
 Confusing Touch          Hex            0%         N/A       98%         3
 Lesser Beckoning         Tloc           0%         N/A       98%         3
 Airstrike                Air            0%         2d(0-16)  100%        4
 Anguish                  Hex/Necr       0%         N/A       100%        4
 Flame Wave               Conj/Fire      0%         2d4       100%        4
 Leda's Liquefaction      Hex/Erth       0%         N/A       100%        4
 Summon Lightning Spire   Summ/Air       0%         N/A       100%        4
 Alistair's Intoxication  Tmut/Pois      0%         N/A       100%        5
 Lee's Rapid Deconstruct  Erth           0%         3d5*      100%        5
 Lightning Bolt           Conj/Air       0%         1d11      100%        5
 Manifold Assault         Tloc           0%         N/A       100%        5
 Yara's Violent Unravell  Hex/Tmut       0%         3d3       100%        5
 Summon Cactus Giant      Summ           0%         N/A       100%        6
 Enfeeble                 Hex            0%         N/A       100%        7
 Spider Form              Tmut/Pois      Unusable   N/A       N/A         3
 Statue Form              Tmut/Erth      Unusable   N/A       N/A         6
 Storm Form               Tmut/Air       Unusable   N/A       N/A         7

Dungeon Overview and Level Annotations

Branches:
Dungeon (13/15)            Temple (1/1) D:5            Lair (0/5) D:11
    Orc (0/2) D:12        Ossuary (visited)
 Vaults: D:13-14

Altars:
Ashenzari
Cheibriados
Dithmenos
Fedhas
Gozag
Hepliaklqana
Kikubaaqudgha
Makhleb
Nemelex Xobeh
Okawaru
Qazlal
Ru
Sif Muna
Trog
Uskayaw
Vehumet
Wu Jian
Xom
Yredelemnul

Shops:
D:7 !   D:8 [[(!   D:10 [**

Annotations:
D:8 2 headed ogre
D:10 2 runed translucent doors, nroviw's ghost, novice MiFi
D:12 3 runed translucent doors, Calibrex's ghost, journeyman TrFi; Mocet's ghost, journeyman GnVM; Zyvuhuv's ghost, journeyman GnCj


Innate Abilities, Weirdness & Mutations

You are immune to poison.
You have sharp fingernails.
Your flesh is cold resistant. (rC+)
You are immune to negative energy. (rN+++)
You do not regenerate when monsters are visible.
You are immune to unholy pain and torment.
You thrive by killing the living.


Message History

You mangle the very large slime creature!!
The very large slime creature is heavily wounded.
The very large slime creature misses you.
You scratch the very large slime creature.
The very large slime creature is severely wounded.
The slime creature hits you but does no damage.
You block the very large slime creature's attack.
Two slime creatures merge to form an enormous slime creature.
You mangle the enormous slime creature!!
The enormous slime creature is heavily wounded.
The slime creature hits you!
You mangle the enormous slime creature!!
The enormous slime creature is severely wounded.
The slime creature hits you but does no damage.
You claw the enormous slime creature!
The enormous slime creature is severely wounded.
The enormous slime creature closely misses you.
You scratch the enormous slime creature.
Your claw misses the enormous slime creature.
The enormous slime creature is severely wounded.
The slime creature hits you. The enormous slime creature hits you!!!
Ouch! That really hurt!
* * * LOW HITPOINT WARNING * * *
You scratch the enormous slime creature.
The enormous slime creature is severely wounded.
The slime creature hits you.
* * * LOW HITPOINT WARNING * * *
You mangle the enormous slime creature!!
You claw the enormous slime creature!
The enormous slime creature is almost dead.
The enormous slime creature hits you but does no damage.
You mangle the enormous slime creature!!
Your claw misses the enormous slime creature.
The enormous slime creature is almost dead.
The slime creature hits you!
* * * LOW HITPOINT WARNING * * *
The enormous slime creature hits you!!!!
Ouch! That really hurt!
You die...
Your body disappears without a glow.

####..#####.#####.##
#.###.....#+#.....##
#..###....#_#.......
#...#.....###....#..
#.....#.........###.
#....##.........# #.
##...#####.....###
## #....# ###.### #
##..J@# #.# #
#...J## ###.# ##
#......#####...##
##.
#.##............##
##.. #.
#.....######..###...
# #.....# ##.......
.###.J. #....... .
#..J ###....... #.
.... .........(


You could see an enormous slime creature and a slime creature.

Vanquished Creatures
  A hydra (D:13)
  A boulder beetle (D:12)
  2 centaur warriors
  4 tengu warriors (D:12)
  A fire crab (shapeshifter) (D:13)
  Pikel (D:4)
  An orc knight (D:12)
  A cyclops (D:13)
  An ugly thing (D:13)
  2 gargoyles
  A meliai (shapeshifter) (D:12)
  3 trolls
  11 slime creatures
  2 shadows
  3 wyverns (D:11)
  3 water elementals (D:12)
  A vampire (D:12)
  Eustachio (D:4)
  8 yaks
  2 basilisks
  3 steam dragons
  3 vampire mosquitoes (D:11)
  4 acid dragons
  4 water moccasins (D:11)
  6 orc warriors
  A sky beast (D:8)
  3 black bears
  An ice beast (D:6)
  13 centaurs
  A lemure (D:3)
  A kobold brigand (D:9)
  A necrophage (D:6)
  3 scorpions
  A bullfrog (D:8)
  2 gnoll sergeants
  3 water moccasin zombies (Ossuary)
  3 wights (D:6)
  25 killer bees
  5 electric eels (D:12)
  2 howler monkeys (D:12)
  A gnoll bouda (D:7)
  2 jellies
  7 orc priests
  4 hounds
  2 iguanas
  17 orc wizards
  Natasha (twice) (D:4)
  2 mummies (Ossuary)
  12 gnolls
  4 adders
  3 shadow imps
  A white imp (D:6)
  An ufetubus (D:5)
  9 adder zombies (Ossuary)
  A worm (D:3)
  4 dart slugs
  54 orcs
  12 ball pythons
  7 bats
  5 endoplasms
  4 giant cockroaches
  4 gnoll zombies (Ossuary)
  4 goblins
  6 hobgoblins
  6 jackals (D:1)
  13 kobolds
  4 quokkas
  3 frilled lizards (D:1)
  6 hobgoblin zombies (Ossuary)
  2 kobold zombies (Ossuary)
  A quokka zombie (D:6)
  3 rats (D:1)
  A rat zombie (D:6)
  A bush (D:5)
343 creatures vanquished.

Vanquished Creatures (collateral kills)
  A tengu warrior (D:12)
1 creature vanquished.

Vanquished Creatures (others)
  3 fungi (D:11)
  5 plants (D:11)
8 creatures vanquished.

Grand Total: 352 creatures vanquished

Notes
Turn   | Place    | Note
-------+----------+-------------------------------------------
     0 | D:1      | cdecastro the Ghoul Fighter began the quest for the Orb.
     0 | D:1      | Reached XP level 1. HP: 19/19 MP: 0/0
   165 | D:1      | Reached XP level 2. HP: 26/26 MP: 1/1
   187 | D:1      | Reached skill level 3 in Unarmed Combat
   611 | D:1      | Reached XP level 3. HP: 31/31 MP: 2/2
   905 | D:1      | Reached skill level 4 in Unarmed Combat
  1206 | D:2      | Found a bloodstained altar of Trog.
  1551 | D:2      | Reached XP level 4. HP: 34/38 MP: 3/3
  1724 | D:2      | Identified the +0 robe of the Maze {rPois Regen+ Stlth+}
  2436 | D:3      | Reached skill level 5 in Unarmed Combat
  2652 | D:3      | Found a faded altar of an unknown god.
  2729 | D:3      | Noticed a black bear
  2750 | D:4      | Noticed Pikel
  2750 | D:4      | Noticed a lemure
  2750 | D:4      | Noticed a lemure
  2751 | D:4      | Noticed a lemure
  2843 | D:4      | Noticed Natasha
  2857 | D:4      | Killed Natasha
  2938 | D:4      | Reached XP level 5. HP: 35/45 MP: 4/4
  2946 | D:4      | Reached skill level 6 in Unarmed Combat
  3130 | D:4      | Noticed a black bear
  3304 | D:4      | Noticed a lemure
  3304 | D:4      | Identified the +6 trident of Zurela {venom, *Corrode rElec
                  | rF- Dex+9}
  3322 | D:3      | Killed a lemure
  3621 | D:4      | You fall into a shaft and drop 1 floor!
  3621 | D:5      | Entered Level 5 of the Dungeon
  3668 | D:5      | Reached XP level 6. HP: 48/51 MP: 5/5
  3738 | D:4      | Noticed Natasha
  3747 | D:4      | Killed Pikel
  3748 | D:4      | Reached skill level 9 in Unarmed Combat
  3748 | D:4      | Reached XP level 7. HP: 40/57 MP: 6/6
  3749 | D:4      | Killed Natasha
  4044 | D:4      | Noticed Eustachio
  4093 | D:4      | Killed Eustachio
  4094 | D:4      | Reached XP level 8. HP: 63/63 MP: 7/7
  4261 | D:4      | Identified the +0 leather armour of the Three Nights
                  | {Contam Will+ Regen+}
  4279 | D:4      | Reached skill level 10 in Unarmed Combat
  4631 | D:5      | Found a shimmering altar of Xom.
  4631 | D:5      | Found an ornate altar of the Wu Jian Council.
  4638 | D:5      | Found a snail-covered altar of Cheibriados.
  4640 | D:5      | Found a faded altar of an unknown god.
  4678 | D:5      | Found a shadowy altar of Dithmenos.
  4738 | D:5      | Reached skill level 5 in Fighting
  4878 | D:5      | Found a staircase to the Ecumenical Temple.
  5333 | Temple   | Entered the Ecumenical Temple
  5405 | Temple   | Became a worshipper of Nemelex Xobeh the Trickster
  5680 | D:6      | Reached XP level 9. HP: 81/81 MP: 8/8
  5736 | D:6      | Found a sand-covered staircase.
  5751 | Ossuary  | Entered an ossuary
  6017 | Ossuary  | Identified a scroll of acquirement
  6532 | D:7      | Reached skill level 10 in Fighting
  6636 | D:7      | Reached skill level 1 in Invocations
  6739 | D:7      | Reached * piety under Nemelex Xobeh
  7051 | D:7      | Found Bicekom's Distillery.
  7054 | D:7      | Bought a potion of might for 64 gold pieces
  7054 | D:7      | Bought a potion of might for 64 gold pieces
  7300 | D:7      | Found a stormy altar of Qazlal.
  7316 | D:7      | Found an iron altar of Okawaru.
  7382 | D:8      | Received a gift from Nemelex Xobeh
  7489 | D:8      | Found Vamem's Distillery.
  7490 | D:8      | Found Geuqyesa's Armour Shoppe.
  7490 | D:8      | Found Ana Ydas's Antique Weapon Boutique.
  7492 | D:8      | Found Symmuv's Antique Armour Shop.
  7541 | D:8      | Reached skill level 5 in Invocations
  7687 | D:8      | Bought a scorched scale mail for 243 gold pieces
  7687 | D:8      | Identified the +6 scale mail of Tender Moments {-Cast rElec
                  | rF+++ rC+} (You bought it in a shop on level 8 of the
                  | Dungeon)
  7925 | D:8      | Reached ** piety under Nemelex Xobeh
  8147 | D:8      | Noticed a two-headed ogre
  8150 | D:8      | Reached XP level 10. HP: 93/93 MP: 12/12
  8270 | D:8      | Reached skill level 5 in Armour
  8654 | D:9      | Received a gift from Nemelex Xobeh
  8686 | D:9      | Reached skill level 11 in Unarmed Combat
  9086 | D:9      | Reached skill level 12 in Unarmed Combat
  9146 | D:10     | Entered Level 10 of the Dungeon
  9159 | D:9      | Reached skill level 1 in Dodging
  9340 | D:10     | Found Vussiheu's General Store.
  9350 | D:10     | Bought a scroll of immolation for 48 gold pieces
  9350 | D:10     | Bought a scroll of identify for 24 gold pieces
  9635 | D:10     | Received a gift from Nemelex Xobeh
  9731 | D:10     | Found Konyegex's Armour Shoppe.
  9867 | D:10     | Reached *** piety under Nemelex Xobeh
  9867 | D:10     | Found Wyrubluu's Assorted Antiques.
  9951 | D:10     | Noticed a skeletal warrior
  9952 | D:10     | Noticed nroviw's ghost (novice MiFi)
  9952 | D:10     | Noticed a lich
  9952 | D:10     | Noticed a skeletal warrior
  9953 | D:10     | Noticed a skeletal warrior
  9953 | D:10     | Noticed a wolf spider
  9953 | D:10     | Noticed a yaktaur captain
  9953 | D:10     | Noticed a centaur warrior
  9954 | D:10     | Noticed a necromancer
 10000 | D:10     | Reached skill level 5 in Dodging
 10109 | D:10     | Found a runed translucent door.
 10113 | D:10     | Found a runed translucent door.
 10447 | D:11     | Found a staircase to the Lair.
 10451 | D:11     | Reached XP level 11. HP: 93/99 MP: 12/14
 10726 | D:11     | Received a gift from Nemelex Xobeh
 11733 | D:12     | Reached skill level 10 in Invocations
 11748 | D:12     | Noticed an orc knight
 11907 | D:12     | Found a runed translucent gate.
 11907 | D:12     | Found a runed translucent gate.
 11933 | D:12     | Killed an orc knight
 11962 | D:12     | Found a runed translucent gate.
 11968 | D:12     | Noticed Calibrex's ghost (journeyman TrFi)
 11968 | D:12     | Noticed Zyvuhuv's ghost (journeyman GnCj)
 11968 | D:12     | Noticed Mocet's ghost (journeyman GnVM)
 12018 | D:12     | Reached **** piety under Nemelex Xobeh
 12052 | D:12     | Noticed a tengu warrior
 12053 | D:12     | Noticed a tengu warrior
 12054 | D:12     | Noticed a boulder beetle
 12066 | D:12     | Killed a tengu warrior
 12066 | D:12     | Killed a tengu warrior
 12099 | D:12     | Killed a boulder beetle
 12100 | D:12     | Reached XP level 12. HP: 101/106 MP: 18/18
 12133 | D:12     | Noticed a centaur warrior
 12143 | D:12     | Killed a centaur warrior
 12321 | D:12     | Found a staircase to the Orcish Mines.
 13172 | D:12     | Received a gift from Nemelex Xobeh
 13214 | D:12     | Found a hazy altar of Hepliaklqana.
 13371 | D:13     | Noticed a tengu warrior
 13374 | D:13     | Noticed a tengu warrior
 13375 | D:13     | Noticed a tengu warrior
 13777 | D:12     | Killed a tengu warrior
 13778 | D:12     | Reached skill level 10 in Armour
 13804 | D:12     | Killed a tengu warrior
 13817 | D:12     | Killed a tengu warrior
 14077 | D:13     | Noticed a centaur warrior
 14218 | D:13     | Killed a centaur warrior
 14323 | D:13     | Reached skill level 13 in Unarmed Combat
 14682 | D:13     | Noticed a six-headed hydra
 14693 | D:13     | Killed a six-headed hydra
 14907 | D:13     | Received a gift from Nemelex Xobeh
 15280 | D:13     | Found a broken altar of Ashenzari.
 15435 | D:13     | Annihilated by an enormous slime creature

Illustrated notes

Levels and vault maps discovered:
D:1:      minmay_arrival_radiant_lines, layout_loops_ring,
          serial_bayou_lagoon_a, minmay_distorted
D:2:      layout_loops_ring, basic_altar, minmay_misc_feat_hallway,
          grunt_ministairs_10
D:3:      layout_basic, mainiacjoe_overflow_catwalk,
          shapermc_ecumenical_altar_pompeii, minmay_misc_feat_plants,
          dk_noncrumbling_3, grunt_ministairs_13, kennysheep_generic_room_11
D:4:      layout_basic, palyth_stone_intersect, uniq_natasha, uniq_pikel,
          uniq_eustachio
D:5:      layout_rooms, chequers_temple_overflow_minitemple,
          minmay_temple_entry_ruins, kb_lookout_dungeons_type,
          chequers_serial_rivers_micro_e
D:6:      layout_rooms, enter_ossuary_4
D:7:      layout_basic, nicolae_qazlal_eye_of_the_storm,
          okawaru_altar_gauntlet_db, serial_shops, kennysheep_mini,
          minmay_small_thing
D:8:      layout_basic, minmay_splitting_lines, nicolae_wooded_promenade,
          kennysheep_generic_room_12
D:9:      layout_roguey, minivault_21
D:10:     layout_irregular_city, mainiacjoe_overflow_small_starburst,
          serial_shops, shop, shop, shop_coins, muffindrake_ghost_dual_entry
D:11:     layout_loops_ring, minmay_lair_entry_grove
D:12:     layout_basic, orc_david_3, gammafunk_ghost_cemetery,
          nicolae_hepliaklqana_hippocampus
D:13:     layout_layer_cave, minivault_27, ashenzari_conservatory_becter
Temple:   jpeg_temple_clearing

Skill      XL: |  1  2  3  4  5  6  7  8  9 10 11 12 |
---------------+-------------------------------------+-----
Unarmed Combat | 3 4 5 6 9 10 12 13 | 13.7
Fighting       | 8 10 | 10.0
Invocations    | 5 10 | 10.0
Armour         | 4 5 7 10 | 10.0
Dodging        | 5 |  5.0
Shields        | |  2.6

Action                   |  1- 3 |  4- 6 |  7- 9 | 10-12 || total
-------------------------+-------+-------+-------+-------++-------
Melee: Unarmed           |   117 |   178 |   381 |   636 ||  1312
       Punch             |     1 |     6 |    19 |    43 ||    69
Throw: Dart              |       |       |       |    16 ||    16
Invok: Draw Destruction  |       |       |       |     6 ||     6
       Triple Draw       |       |       |       |     1 ||     1
       Deal Four         |       |       |       |     1 ||     1
Evoke: Wand              |       |       |       |     6 ||     6
  Use: Potion            |       |     1 |       |       ||     1
       Scroll            |       |       |    16 |     7 ||    23
Armor: Scale mail        |    79 |    64 |     7 |   294 ||   444
       Chain mail        |       |    37 |   134 |       ||   171
Dodge: Dodged            |    61 |    90 |   149 |   444 ||   744
Block: Other             |       |       |    48 |   136 ||   184
       Reflection        |       |       |     1 |     4 ||     5
